 Dungeon Crawl Stone Soup version 0.27-a0-637-g3a9f0a9c12 (webtiles) character file.

Game seed: 12567223205809336752

2012 spiderkeys the Cleaver (level 9, -1/79 HPs)
             Began as a Minotaur Berserker on Mar 14, 2021.
             Was an Elder of Trog.
             Slain by an orc warrior
             ... wielding a +0 trident
              (12 damage)
             ... on level 7 of the Dungeon.
             The game lasted 00:08:39 (6474 turns).

spiderkeys the Cleaver (Minotaur Berserker)         Turns: 6474, Time: 00:08:40

Health: -1/79      AC: 16    Str: 25    XL:     9   Next: 2%
Magic:  8/8        EV: 10    Int:  4    God:    Trog [****..]
Gold:   176        SH:  0    Dex: 10    Spells: 8/8 levels left

rFire    . . .     SeeInvis .   a - +0 hand axe
rCold    . . .     Faith    .   (no shield)
rNeg     . . .     Spirit   .   r - +0 chain mail
rPois    .         Reflect  .   d - +1 hat
rElec    .         Harm     .   p - +0 cloak
rCorr    .         Rampage  .   i - +1 pair of gloves
Will     .....                  w - +0 pair of boots
Stlth    ..........             (no amulet)
HPRegen  0.23/turn              (no ring)
MPRegen  0.11/turn              (no ring)

@: no status effects
A: horns 2, retaliatory headbutt
a: Renounce Religion, Berserk, Trog's Hand, Brothers in Arms


You were on level 7 of the Dungeon.
You worshipped Trog.
Trog was greatly pleased with you.
You visited 1 branch of the dungeon, and saw 7 of its levels.
You also visited: Sewer.

You collected 266 gold pieces.
You spent 90 gold pieces at shops.

Inventory:

Hand Weapons
 a - a +0 hand axe (weapon)
Armour
 d - a +1 hat (worn)
 i - a +1 pair of gloves (worn)
 p - a +0 cloak (worn)
 r - a +0 chain mail (worn)
 w - a +0 pair of boots (worn)
Jewellery
 q - an amulet of guardian spirit
 y - a ring of protection from fire
Wands
 b - a wand of mindburst (18)
Scrolls
 e - 5 scrolls of teleportation
 f - a scroll of fog
 h - a scroll of enchant armour
 j - a scroll of amnesia
 v - a scroll of blinking
 x - a scroll of silence {unknown}
 z - 2 scrolls of vulnerability {unknown}
Potions
 c - 7 potions of curing {unknown}
 g - a potion of haste {unknown}
 k - 2 potions of invisibility {unknown}
 l - a potion of lignification {unknown}
 m - 4 potions of heal wounds
 n - a potion of mutation {unknown}
 o - a potion of berserk rage {unknown}
 s - a potion of experience {unknown}
 t - a potion of cancellation {unknown}
 u - a potion of flight {unknown}
Miscellaneous
 A - a phantom mirror


   Skills:
 + Level 7.3 Fighting
 * Level 9.6 Axes
 + Level 6.8 Armour
 + Level 6.1 Dodging


You had 8 spell levels left.
You didn't know any spells.
Your spell library was empty.

Dungeon Overview and Level Annotations

Branches:
Dungeon (7/15)             Temple (0/1) D:6           Sewer (visited)

Altars:
Nemelex Xobeh
Qazlal

Shops:
D:4 ?


Innate Abilities, Weirdness & Mutations

You have a pair of horns on your head.
You reflexively headbutt those who attack you in melee.


Message History

You hit the orc warrior.
The orc warrior is moderately wounded.
You hit something.
The orc warrior hits you but does no damage.
You hear some strange, mumbled words.
Something tries to affect you, but you resist.
You barely miss the orc warrior. Your headbutt misses the orc warrior.
The orc warrior is moderately wounded.
You slash something! Trog accepts your kill.
Trog appreciates your killing of a magic user.
Reactivating autopickup.
You feel a bit more experienced.
The orc warrior hits you but does no damage.
You hit the orc warrior but do no damage.
The orc warrior is moderately wounded.
You hit the orc warrior but do no damage.
Your headbutt misses the orc warrior.
The orc warrior is moderately wounded.
The orc warrior hits you with a +0 trident!
You barely miss the orc warrior.
You headbutt the orc warrior, but do no damage.
The orc warrior is moderately wounded.
The orc warrior hits you with a +0 trident!
You hit the orc warrior but do no damage.
Your headbutt misses the orc warrior.
The orc warrior is moderately wounded.
The orc warrior hits you but does no damage.
You hit the orc warrior. Your headbutt misses the orc warrior.
The orc warrior is moderately wounded.
You hit the orc warrior but do no damage.
The orc warrior is moderately wounded.
The orc warrior hits you with a +0 trident!
* * * LOW HITPOINT WARNING * * *
You hit the orc warrior but do no damage.
The orc warrior is moderately wounded.
The orc warrior hits you with a +0 trident!
* * * LOW HITPOINT WARNING * * *
The orc warrior hits you from afar with a +0 trident!
You die...

...# ###8..8##
..# #8....8# ...
#......# ...
#)....(# ######.#
#8....8# ......#
###8..8## #.o)#
+.##'†##. #)#
#........ #@#
#.##.#.## #.##
##.##.#.#
#..######..##.#.#
#.............#.#
#..##..######.#.#
##.......# #.#.#
#<....).)# #.#..
#.....)).# ###
#.......>#


You could see an orc warrior.

Vanquished Creatures
  Sigmund (D:5)
  The ghost of jasper the Sneak, an amateur SpEn (D:6)
  A steam dragon (D:6)
  Duvessa (D:5)
  An ice beast (D:5)
  A sky beast (D:6)
  A black bear (D:6)
  A phantom (D:4)
  2 bullfrogs (D:7)
  Dowan (D:5)
  A scorpion (D:4)
  5 wights (D:7)
  A howler monkey (D:4)
  A hound (D:5)
  A jelly (D:6)
  A bullfrog skeleton (D:4)
  3 orc priests (D:4)
  A centaur skeleton (D:5)
  5 orc wizards
  2 worker ants (D:4)
  A howler monkey zombie (D:7)
  3 gnolls (D:5)
  2 worker ant zombies
  6 adders
  2 shadow imps
  A white imp (D:5)
  An ufetubus (D:5)
  An ooze (D:3)
  An adder skeleton (D:6)
  3 worms
  2 dart slugs
  4 leopard geckos
  16 orcs
  7 giant cockroaches
  8 goblins
  7 hobgoblins
  5 jackals (Sewer)
  4 quokkas
  A ball python (D:3)
  11 bats
  7 frilled lizards (Sewer)
  A giant cockroach zombie (D:5)
  15 kobolds
  A quokka skeleton (D:5)
  17 rats
159 creatures vanquished.

Vanquished Creatures (others)
  8 plants (Sewer)
8 creatures vanquished.

Grand Total: 167 creatures vanquished

Notes
Turn   | Place    | Note
-------+----------+-------------------------------------------
     0 | D:1      | spiderkeys the Minotaur Berserker began the quest for the
                  | Orb.
     0 | D:1      | Reached XP level 1. HP: 19/19 MP: 0/0
   104 | D:1      | Reached XP level 2. HP: 27/27 MP: 1/1
   136 | D:1      | Reached skill level 4 in Axes
   568 | D:1      | Reached ** piety under Trog
   587 | D:2      | Found a sparkling altar of Nemelex Xobeh.
   700 | D:2      | Reached XP level 3. HP: 30/33 MP: 2/2
  2074 | D:3      | Reached XP level 4. HP: 40/40 MP: 3/3
  2636 | D:4      | Reached skill level 5 in Axes
  2638 | D:4      | Reached *** piety under Trog
  2639 | D:4      | Reached XP level 5. HP: 47/47 MP: 4/4
  2727 | D:4      | Noticed a phantom
  2741 | D:4      | Killed a phantom
  2742 | D:4      | Reached skill level 5 in Fighting
  2742 | D:4      | Reached skill level 6 in Axes
  2742 | D:4      | Reached XP level 6. HP: 37/56 MP: 5/5
  3266 | D:4      | Found Wunet's Magic Scroll Boutique.
  3269 | D:4      | Bought a scroll of blinking for 90 gold pieces
  3393 | D:4      | Identified the +7 whip "Ysiffure" {elec, *Corrode +Inv
                  | Int+3 Stlth+}
  3451 | D:4      | Found a stormy altar of Qazlal.
  3710 | D:5      | Entered Level 5 of the Dungeon
  3728 | D:5      | Reached XP level 7. HP: 60/61 MP: 6/6
  3746 | D:5      | Noticed Dowan
  3747 | D:5      | Noticed Duvessa
  3768 | D:5      | Killed Duvessa
  3769 | D:5      | Reached skill level 7 in Axes
  3770 | D:5      | Killed Dowan
  3771 | D:5      | Reached skill level 5 in Armour
  3959 | D:5      | Noticed Sigmund
  3969 | D:5      | Killed Sigmund
  4269 | D:5      | Found a glowing drain.
  4278 | Sewer    | Entered a sewer
  4415 | Sewer    | Reached **** piety under Trog
  5188 | D:5      | Reached skill level 8 in Axes
  5188 | D:5      | Reached skill level 5 in Dodging
  5188 | D:5      | Reached XP level 8. HP: 70/70 MP: 7/7
  5640 | D:6      | Found a staircase to the Ecumenical Temple.
  5889 | D:6      | Found a runed translucent door.
  5890 | D:6      | Noticed jasper's ghost (amateur SpEn)
  5911 | D:6      | Killed jasper's ghost
  5990 | D:6      | Reached skill level 9 in Axes
  6118 | D:7      | Found a large runed translucent door.
  6118 | D:7      | Found a large runed translucent door.
  6143 | D:7      | Found a large runed translucent door.
  6143 | D:7      | Found a large runed translucent door.
  6227 | D:7      | Reached XP level 9. HP: 31/79 MP: 8/8
  6474 | D:7      | Slain by an orc warrior

Illustrated notes

Levels and vault maps discovered:
D:1:      dpeg_arrival_stonehenge_8_columns, layout_rooms, minmay_misc_feat_room
D:2:      layout_loops_corners, nemelex_xobeh_ov_fountains_minmay,
          nicolae_underground_beach
D:3:      layout_basic
D:4:      layout_basic, grunt_qazlal_clouds, serial_shops, kennysheep_mini_moat,
          minivault_24, hangedman_abyss_or_decor_stabs
D:5:      layout_basic, portal_sewer_entry_a, uniq_duvessa, uniq_sigmund
D:6:      minmay_cornered_nines, layout_loops_ring, minmay_temple_entry_arrows,
          ebering_ghost_inner_flame
D:7:      layout_basic, lemuel_doored_altar, minmay_hollow_rounded_squares

Skill      XL: |  1  2  3  4  5  6  7  8 |
---------------+-------------------------+-----
Axes           | 4 5 6 8 9 |  9.6
Fighting       | 4 5 6 7 |  7.3
Armour         | 3 4 5 6 |  6.8
Dodging        | 3 4 5 6 |  6.1

Action                   |  1- 3 |  4- 6 |  7- 9 || total
-------------------------+-------+-------+-------++-------
Melee: Hand axe          |   103 |    76 |   240 ||   419
       Headbutt          |    17 |    11 |    29 ||    57
Invok: Berserk           |     1 |     2 |     5 ||     8
  Use: Scroll            |       |     6 |     2 ||     8
 Stab: Sleeping          |       |     1 |       ||     1
Armor: Animal skin       |    26 |     2 |       ||    28
       Chain mail        |       |    38 |   150 ||   188
Dodge: Dodged            |    70 |    36 |   113 ||   219

Table legend: (Time is in decaauts)
 A = Elapsed time spent in this place.
 B = Non-inter-level travel time spent in this place.
 C = Inter-level travel time spent in this place.
 D = Time resting spent in this place.
 E = Time spent auto-exploring this place.
 F = Levels seen in this place.
 G = Mean time per level.
                   A        B        C        D        E       F      G
               +--------+--------+--------+--------+--------+-----+--------+
         Total |   6663 |   6472 |    191 |    668 |   4764 |   8 |  832.9 |
       Dungeon |   5994 |   5803 |    191 |    668 |   4207 |   7 |  856.3 |
         Sewer |    669 |    669 |      0 |      0 |    556 |   1 |  669.0 |
               +--------+--------+--------+--------+--------+-----+--------+

Top non-repeatable levels by time:
     D:4: 1308 daAuts
     D:3: 1175 daAuts
     D:2: 896 daAuts
     D:5: 836 daAuts
     D:6: 831 daAuts
   Sewer: 669 daAuts
     D:1: 586 daAuts
     D:7: 358 daAuts
